 Dungeon Crawl Stone Soup version 0.31-a0-640-g39d97e502b (webtiles) character file.

Game seed: 11092529416460610506

1274 rvierbuc the Stinger (level 8, 0/41 (52) HPs)
             Began as a Demonspawn Venom Mage on Aug 27, 2023.
             Slain by a wight
             ... wielding a +0 short sword of freezing
              (3 damage)
             ... on level 5 of the Dungeon.
             The game lasted 00:21:10 (5534 turns).

rvierbuc the Stinger (Demonspawn Venom Mage)        Turns: 5534, Time: 00:21:11

HP:   0/41 (52)     AC:  6    Str:  8    XL:     8   Next: 28%
MP:   14/14         EV: 14    Int: 19    God:
Gold: 167           SH:  0    Dex: 18    Spells: 2/15 levels left

rFire   . . .        j - +0 falchion
rCold   + . .        (no shield)
rNeg    . . .        a - +0 robe
rPois   .            (no helmet)
rElec   .            (no cloak)
rCorr   .            (no gloves)
SInv    .            (no boots)
Will    .....        d - amulet of magic regeneration
Stlth   +++++        v - +4 ring of protection
HPRegen 0.26/turn    (no ring)
MPRegen 0.54/turn

%: no passive effects
@: heavily drained
A: hooves 2, thin skeletal structure 2, foul stench 1, cold resistance 1
a: no special abilities


You were on level 5 of the Dungeon.
You visited 1 branch of the dungeon, and saw 6 of its levels.

You collected 167 gold pieces.

Inventory:

Hand Weapons
 j - a +0 falchion (weapon)
 w - a +2 vampiric dagger
Missiles
 n - 10 poisoned darts
Armour
 a - a +0 robe (worn)
Jewellery
 d - an amulet of magic regeneration (around neck)
 t - an amulet of guardian spirit
 v - a +4 ring of protection (left hand)
Wands
 f - a wand of digging (7)
Scrolls
 e - 3 scrolls of poison {unknown}
 l - 3 scrolls of identify {unknown}
 o - a scroll of amnesia {unknown}
 p - a scroll of teleportation {unknown}
 q - a scroll of silence {unknown}
 r - a scroll of immolation {unknown}
 s - a scroll of butterflies {unknown}
 u - a scroll of brand weapon {unknown}
Potions
 b - a potion of magic
 c - a potion of mutation
 g - a potion of heal wounds {unknown}
 h - a potion of invisibility
 i - a potion of degeneration {unknown}
 k - a potion of brilliance {unknown}
 m - a potion of cancellation {unknown}


   Skills:
 + Level 0.0 Fighting
 + Level 4.3 Dodging
 + Level 4.8 Stealth
 + Level 4.4 Spellcasting
 + Level 4.0 Transmutations
 + Level 5.3 Poison Magic


You had 2 spell levels left.
You knew the following spells:

 Your Spells              Type           Power      Damage    Failure   Level
a - Sting                 Tmut/Pois      88%        1d7       1%          1
b - Poisonous Vapours     Pois/Air       28%        N/A       7%          2
c - Olgreb's Toxic Radia  Pois           24%        N/A       14%         4
d - Mephitic Cloud        Conj/Pois/Air  11%        N/A       19%         3
e - Ignite Poison         Fire/Tmut/Pois 16%        N/A       11%         3

Your spell library contained the following spells:

 Spells                   Type           Power      Damage    Failure   Level
 Call Canine Familiar     Summ           4%         N/A       36%         3
 Portal Projectile        Hex/Tloc       8%         N/A       36%         3
 Leda's Liquefaction      Hex/Erth       2%         N/A       78%         4
 Sticky Flame             Conj/Fire      4%         2d3       78%         4
 Ignition                 Fire           2%         3d3       100%        8


Dungeon Overview and Level Annotations

Branches:
Dungeon (6/15)             Temple (0/1) D:4

Altars:
Ashenzari
Cheibriados
Ru


Innate Abilities, Weirdness & Mutations

You have hoof-like feet.
You have a moderately thin skeletal structure. (Dex +4, Stealth++)
You may rarely emit foul miasma when damaged in melee.
Your flesh is cold resistant. (rC+)


Message History

You feel drained. The wight freezes you. The wight attacks as it pursues you!
The wight hits you with a +0 short sword of freezing.
You feel drained. The wight freezes you.
You emit a cloud of foul miasma!
The wight attacks as it pursues you! The wight barely misses you.
The wight attacks as it pursues you!
The wight hits you with a +0 short sword of freezing!
You feel drained. The wight attacks as it pursues you!
The wight barely misses you.
Your magical contamination has completely faded away.
There is a stone staircase leading up here.
The wight closely misses you.
You climb upwards.
There is a stone staircase leading down here.
You hit the wight.
The wight is lightly damaged.
The wight hits you with a +0 short sword of freezing.
You hit the wight but do no damage. Your kick misses the wight.
The wight is lightly damaged.
The wight hits you with a +0 short sword of freezing.
* * * LOW HITPOINT WARNING * * *
You feel the dreadful sensation subside.
j - a +0 falchion (weapon)
The wight hits you with a +0 short sword of freezing.
* * * LOW HITPOINT WARNING * * *
You feel drained.
* * * LOW HITPOINT WARNING * * *
The wight freezes you.
* * * LOW HITPOINT WARNING * * *
Casting: Mephitic Cloud (quite dangerous; 19% risk of failure)
Confirm with . or Enter, or press ? or * to list all spells.
Okay, then.
Okay, then.
You hit the wight but do no damage. You kick the wight.
The wight is lightly damaged.
The wight misses you.
You hit the wight.
The wight is heavily damaged.
The wight hits you with a +0 short sword of freezing.
You die...

#..##...##...##...##...##...##...
#.##.....##.##.....##.##.....##..
#+#.......#'#...8...#'#.......#'#
#.##.....##.##.....##.##.....##.#
...##...##...##...##...##...##...
....##+##.....##+##.....##'##.%..
...##...##...##...##...##...##...
#.##.....##.##.....##.##.....##.#
#''...<...'''[).@z..''+...<...++#
#.##.....##.##..[..##.##..†..##.#
...##...##...##...##...##...##...
....##'##.....##'##.....##+##....
...##...##...##...##...##...##...
#.##.....##.##.....##.##.....##.#
#+#.......#'#...8...#'#.......#'#
#.##.....##.##.....##.##.....##..
...##...##...##...##...##...##...


You could see a wight.

Vanquished Creatures
  Sigmund (D:5)
  A black bear (D:4)
  2 ogres
  A phantom (D:5)
  A wight (D:5)
  6 killer bees
  3 hounds (D:5)
  3 jellies
  3 orc wizards (D:5)
  2 iguanas (D:4)
  7 adders
  An ufetubus (D:6)
  2 worms
  3 dart slugs
  15 orcs
  5 endoplasms
  2 giant cockroaches
  6 goblins
  A hobgoblin (D:1)
  2 jackals (D:1)
  5 kobolds
  3 quokkas
  8 ball pythons
  4 bats
  6 frilled lizards
  3 rats
96 creatures vanquished.

Notes
Turn   | Place    | Note
-------+----------+-------------------------------------------
     0 | D:1      | rvierbuc the Demonspawn Venom Mage began the quest for the
                  | Orb.
     0 | D:1      | Reached XP level 1. HP: 13/13 MP: 3/3
    16 | D:1      | Reached skill level 1 in Transmutations
    61 | D:1      | Noticed an eye of devastation
    86 | D:1      | Gained mutation: You have large cloven feet. [demonic
                  | ancestry]
    86 | D:1      | Reached XP level 2. HP: 13/19 MP: 0/5
   151 | D:1      | Found a faded altar of an unknown god.
   152 | D:1      | Noticed a floating eye
   152 | D:1      | Noticed a shining eye
   152 | D:1      | Noticed a floating eye
   170 | D:1      | Learned a level 2 spell: Poisonous Vapours
   246 | D:1      | You fall into a shaft and drop 1 floor!
   387 | D:1      | Reached XP level 3. HP: 24/24 MP: 1/6
   934 | D:2      | Found a snail-covered altar of Cheibriados.
  1730 | D:3      | Gained mutation: You may rarely emit foul miasma when
                  | damaged in melee. [demonic ancestry]
  1730 | D:3      | Reached XP level 4. HP: 30/30 MP: 4/7
  1769 | D:3      | Found a broken altar of Ashenzari.
  2281 | D:4      | Reached XP level 5. HP: 6/35 MP: 3/9
  2452 | D:4      | Noticed a black bear
  2471 | D:4      | Killed a black bear
  2472 | D:4      | Reached skill level 4 in Poison Magic
  2547 | D:4      | Found a staircase to the Ecumenical Temple.
  2567 | D:4      | Noticed an ogre
  2588 | D:4      | Killed an ogre
  2589 | D:4      | Gained mutation: You have a somewhat thin skeletal
                  | structure. (Dex +2, Stealth+) [demonic ancestry]
  2589 | D:4      | Reached XP level 6. HP: 15/41 MP: 6/10
  3018 | D:4      | HP: 2/41 [poisoned by a killer bee]
  3021 | D:5      | Entered Level 5 of the Dungeon
  3179 | D:4      | Gained mutation: You have a moderately thin skeletal
                  | structure. (Dex +4, Stealth++) [demonic ancestry]
  3179 | D:4      | Reached XP level 7. HP: 7/46 MP: 7/12
  3180 | D:5      | Gained mutation: You have hoof-like feet. [potion of
                  | mutation]
  3180 | D:5      | Gained mutation: Your flesh is cold resistant. (rC+)
                  | [potion of mutation]
  3180 | D:5      | HP: 2/46 [poisoned by a killer bee]
  3942 | D:5      | Noticed Sigmund
  3953 | D:5      | Killed Sigmund
  4220 | D:5      | Reached skill level 5 in Poison Magic
  4558 | D:5      | Learned a level 4 spell: Olgreb's Toxic Radiance
  4562 | D:5      | Learned a level 3 spell: Mephitic Cloud
  4585 | D:5      | Reached XP level 8. HP: 12/52 MP: 14/14
  4911 | D:6      | Found a snail-covered altar of Cheibriados.
  5046 | D:6      | Learned a level 3 spell: Ignite Poison
  5490 | D:6      | Found a sacrificial altar of Ru.
  5532 | D:5      | HP: 2/41 [wight/+0 short sword of freezing (1)]
  5534 | D:5      | Slain by a wight

Illustrated notes

Levels and vault maps discovered:
D:1:      dpeg_arrival_connections, layout_rooms,
          hellmonk_ecumenical_altar_watching_god
D:2:      layout_basic, basic_altar
D:3:      layout_rooms, mainiacjoe_overflow_alcove_1, grunt_dithmenos_smoke,
          serial_shops, nicolae_shop_industrial_runoff, uniq_ijyb
D:4:      layout_basic, minmay_temple_entry_offerings, serial_shops,
          nicolae_lakefront_shop
D:5:      layout_gridville, nicolae_hexahallways, uniq_sigmund
D:6:      layout_gridville, mainiacjoe_overflow_boulevard,
          nicolae_ru_path_of_blood

Skill      XL: |  1  2  3  4  5  6  7  8 |
---------------+-------------------------+-----
Transmutations | 1 2 3 4 |  4.0
Stealth        | 2 3 4 |  4.8
Dodging        | 2 3 4 |  4.3
Spellcasting   | 3 4 |  4.4
Poison Magic   | 4 5 |  5.3

Action                     |  1- 3 |  4- 6 |  7- 9 || total
---------------------------+-------+-------+-------++-------
  Melee: Unarmed           |    12 |       |       ||    12
         Kick              |     1 |     2 |    24 ||    27
         Falchion          |       |    21 |    72 ||    93
         Dagger            |       |       |     6 ||     6
         Punch             |       |       |     1 ||     1
   Cast: Sting             |    64 |    55 |    46 ||   165
         Poisonous Vapours |       |     5 |    13 ||    18
         Ignite Poison     |       |       |     1 ||     1
    Use: Potion            |       |       |     4 ||     4
 Armour: Robe              |    13 |     9 |    17 ||    39
  Dodge: Dodged            |    29 |    40 |   106 ||   175

Table legend: (Time is in decaauts)
 A = Elapsed time spent in this place.
 B = Non-inter-level travel time spent in this place.
 C = Inter-level travel time spent in this place.
 D = Time resting spent in this place.
 E = Time spent auto-exploring this place.
 F = Levels seen in this place.
 G = Mean time per level.
                   A        B        C        D        E       F      G
               +--------+--------+--------+--------+--------+-----+--------+
         Total |   5565 |   5498 |     67 |    697 |   3858 |   6 |  927.5 |
       Dungeon |   5565 |   5498 |     67 |    697 |   3858 |   6 |  927.5 |
               +--------+--------+--------+--------+--------+-----+--------+

Top non-repeatable levels by time:
     D:5: 2182 daAuts
     D:4: 1158 daAuts
     D:2: 981 daAuts
     D:1: 720 daAuts
     D:6: 337 daAuts
     D:3: 184 daAuts
